 Dungeon Crawl Stone Soup version 0.30.1-9-gdf580d7c3d (webtiles) character file.

Game seed: 9959007947449787566

61 jagang the Covered (level 4, -2/35 HPs)
             Began as a Human Fighter on Sept 28, 2023.
             Slain by Sigmund
             ... wielding a +0 scythe
              (6 damage)
             ... on level 2 of the Dungeon.
             The game lasted 00:03:05 (959 turns).

jagang the Covered (Human Fighter)                   Turns: 959, Time: 00:03:06

Health: -2/35      AC:  6    Str: 18    XL:     4   Next: 27%
Magic:  4/4        EV:  9    Int:  8    God:
Gold:   33         SH:  5    Dex: 13    Spells: 3/3 levels left

rFire   . . .        a - +0 long sword
rCold   . . .        c - +0 buckler
rNeg    . . .        b - +0 scale mail
rPois   .            (no helmet)
rElec   .            (no cloak)
rCorr   .            (no gloves)
SInv    .            (no boots)
Will    .....        (no amulet) Stlth
                     (no ring)
HPRegen 0.25/turn    (no ring)
MPRegen 0.09/turn

%: no passive effects
@: mighty
A: no striking features
a: no special abilities


You were on level 2 of the Dungeon.
You visited 1 branch of the dungeon, and saw 2 of its levels.

You collected 33 gold pieces.

Inventory:

Hand Weapons
 a - a +0 long sword (weapon)
Armour
 b - a +0 scale mail (worn)
 c - a +0 buckler (worn)
Jewellery
 h - an amulet of faith
Scrolls
 f - a scroll of torment {unknown}
 g - a scroll of brand weapon {unknown}
 i - a scroll of poison {unknown}
 j - a scroll of fog {unknown}
 k - a scroll of immolation {unknown}
Potions
 e - a potion of curing {unknown}
 l - a potion of heal wounds {unknown}


   Skills:
 + Level 3.4 Fighting
 + Level 2.5 Long Blades
 + Level 1.2 Throwing
 + Level 3.4 Armour
 + Level 3.4 Shields


You had 3 spell levels left.
You didn't know any spells.
Your spell library contained the following spells:

 Spells                   Type           Power      Damage    Failure   Level
 Summon Small Mammal      Summ           0%         N/A       86%         1
 Call Canine Familiar     Summ           0%         N/A       99%         3
 Summon Guardian Golem    Hex/Summ       0%         N/A       99%         3


Dungeon Overview and Level Annotations

Branches:
Dungeon (2/15)

Altars:

Annotations:
D:2 Sigmund


Message History

The hobgoblin hits you but does no damage.
You barely miss the hobgoblin.
The hobgoblin is almost dead.
The hobgoblin hits you with a +0 rapier.
You hit the hobgoblin.
You kill the hobgoblin!
k - a scroll labelled OFFUGAU YNAKOF You see here a +0 rapier.
You now have 21 gold pieces (gained 9).
You now have 33 gold pieces (gained 12).
A bat comes into view.
The bat closely misses you.
You closely miss the bat. The bat hits you but does no damage.
Found a clear potion.
The bat barely misses you.
You see here a glowing brown potion.
You hit the bat.
You kill the bat!
No target in view!
Found a stone staircase leading up.
You see here the +1 flail "Yzent" {elec, rPois Dex+3}.
l - a glowing brown potion Sigmund the Dreaded comes into view.
He is wielding a +0 scythe.
Sigmund gestures wildly while chanting.
Sigmund flickers and vanishes!
Deactivating autopickup; reactivate with Ctrl-A.
Found a scroll labelled BUG ZAPHIGAIK.
Something hits you!
You feel very mighty all of a sudden.
A magic dart appears from out of thin air!
The magic dart hits you. Something hits you.
You hit something. Something hits you.
You miss something. Something hits you.
* * * LOW HITPOINT WARNING * * *
You closely miss something. You barely miss something. Something hits you!
* * * LOW HITPOINT WARNING * * *
You barely miss something. Something hits you but does no damage.
You slash something! Something hits you.
You die...

........................
..................♣#♣.♣#
.......†......##.#....#
......#...........♣.♣.♣
####....##...##.......#
#.......##.####...♣.♣.♣
#.##.......#......##.#..
..##....[....##..###.##.
......!@....###...##.#
.##....{...###(.#..#.#
#........#...###.#.#
#........#..## #.#.#
.....#...#..## #.#.#
?........#.## #...#
...#....##.# ##<.## .#.
....# #....# #....#


There were no monsters in sight!

Vanquished Creatures
  An adder (D:2)
  A dart slug (D:1)
  A worm (D:2)
  4 ball pythons (D:1)
  3 bats
  2 endoplasms (D:1)
  2 giant cockroaches (D:1)
  6 goblins
  6 hobgoblins
  5 jackals (D:1)
  4 kobolds (D:1)
  2 frilled lizards
  6 rats (D:1)
43 creatures vanquished.

Notes
Turn   | Place    | Note
-------+----------+-------------------------------------------
     0 | D:1      | jagang the Human Fighter began the quest for the Orb.
     0 | D:1      | Reached XP level 1. HP: 18/18 MP: 1/1
    25 | D:1      | Reached XP level 2. HP: 24/24 MP: 2/2
   159 | D:1      | Reached XP level 3. HP: 25/29 MP: 3/3
   417 | D:1      | Reached skill level 1 in Throwing
   812 | D:2      | Reached XP level 4. HP: 33/35 MP: 4/4
   937 | D:2      | Identified the +1 flail "Yzent" {elec, rPois Dex+3}
   948 | D:2      | Noticed Sigmund
   959 | D:2      | Slain by Sigmund

Illustrated notes

Levels and vault maps discovered:
D:1:      amcnicky_arrival_single_pillar, layout_loops_cross
D:2:      layout_rooms, serial_forest, infiniplex_forest_zigzag_1,
          infiniplex_forest_lined_room_, infiniplex_forest_straight_2,
          infiniplex_forest_end_2, infiniplex_forest_lined_2,
          hellmonk_ecumenical_altar_pennies_from_heaven, uniq_sigmund

Skill      XL: |  1  2  3 |
---------------+----------+-----
Throwing       | 1 |  1.2
Fighting       | |  3.4
Long Blades    | |  2.5
Armour         | |  3.4
Shields        | |  3.4

Action                     |  1- 3 |  4- 6 || total
---------------------------+-------+-------++-------
  Melee: Long sword        |    86 |    34 ||   120
    Use: Potion            |       |     1 ||     1
 Armour: Scale mail        |    54 |    10 ||    64
  Dodge: Dodged            |    48 |    20 ||    68
  Block: Buckler           |    23 |    12 ||    35
